 Dungeon Crawl Stone Soup version 0.23.2-1-ga50397a6bc (webtiles) character file.

Game seed: 18299289475047381708

742 Ethylacetat the Ruffian (level 7, -5/63 HPs)
             Began as a Naga Transmuter on Apr 23, 2019.
             Slain by Prince Ribbit (18 damage)
             ... on level 5 of the Dungeon.
             The game lasted 00:13:44 (4659 turns).

Ethylacetat the Ruffian (Naga Transmuter)           Turns: 4659, Time: 00:13:44

Health: -5/63      AC:  5    Str: 18    XL:     7   Next: 76%
Magic:  13/13      EV: 10    Int: 14    God:
Gold:   158        SH:  0    Dex: 14    Spells: 1/14 levels left

rFire    . . .     SeeInvis +   x - +5 short sword (elec)
rCold    + . .     Gourm    .   (no shield)
rNeg     . . .     Faith    .   b - +0 robe
rPois    +         Spirit   .   n - +1 helmet of Eresakop {Regen+ Str+5}
rElec    .         Reflect  .   (no cloak)
rCorr    .         Harm     .   (no gloves)
MR       .....                  (no barding)
Stlth    +.........             (no amulet)
HPRegen  0.60/turn              p - ring of protection from cold
MPRegen  0.13/turn              (no ring)

@: short of breath, very slow
A: large, stinger 1, see invisible, agile 1, deformed body, poison resistance,
slowness 2, slow metabolism 1, spit poison 2, MP-powered wands, AC +2
a: Breathe Poison Gas


You were on level 5 of the Dungeon.
You were not hungry.

You visited 1 branch of the dungeon, and saw 5 of its levels.

You collected 266 gold pieces.
You spent 108 gold pieces at shops.

Inventory:

Hand Weapons
 x - a +5 short sword of electrocution (weapon)
Missiles
 a - 129 arrows
Armour
 b - a +0 robe (worn)
 n - the +1 helmet of Eresakop (worn) {Regen+ Str+5}
   (You took it off Robin on level 2 of the Dungeon)

   It affects your strength (+5).
   It increases your rate of regeneration.
Jewellery
 p - a ring of protection from cold (left hand)
Scrolls
 c - 3 scrolls of magic mapping {unknown}
 h - 5 scrolls of teleportation {unknown}
 k - 2 scrolls of remove curse {unknown}
 m - a scroll of amnesia {unknown}
 o - a scroll of fear {unknown}
 q - 5 scrolls of identify {unknown}
 r - 2 scrolls of enchant weapon {unknown}
 w - a scroll of enchant armour {unknown}
Potions
 e - 4 potions of curing
 f - 2 potions of mutation
 g - a potion of haste {unknown}
 i - a potion of cancellation {unknown}
 j - a potion of agility {unknown}
 s - a potion of resistance {unknown}
 t - 3 potions of might {unknown}
 v - a potion of magic {unknown}
Comestibles
 d - 9 rations
 l - a chunk of flesh


   Skills:
 + Level 3.7 Fighting
 - Level 1.5 Dodging
 + Level 4.7 Unarmed Combat
 + Level 4.0 Spellcasting
 + Level 4.2 Transmutations
 + Level 4.2 Poison Magic


You had one spell level left.
You knew the following spells:

 Your Spells              Type           Power        Failure   Level  Hunger
a - Beastly Appendage     Tmut           ##....       3%          1    None
b - Spider Form           Tmut/Pois      ##........   11%         3    ###....
c - Petrify               Tmut/Erth      #.......     63%         4    ####...
d - Blade Hands           Tmut           ##........   67%         5    ######.

Your spell library contained the following spells:

 Spells                   Type           Power        Failure   Level  Hunger
 Confusing Touch          Hex            #.....       19%         1    None
 Corona                   Hex            #......      19%         1    None
 Sticks to Snakes         Tmut           ##......     5%          2    ##.....
 Ensorcelled Hibernation  Hex/Ice        #.....       28%         2    ##.....
 Confuse                  Hex            #.......     50%         3    ###....
 Dazzling Spray           Conj/Hex       #.....       50%         3    ###....
 Gell's Gravitas          Tloc           #.........   50%         3    ###....
 Tukima's Dance           Hex            #.......     50%         3    ###....
 Ice Form                 Ice/Tmut       #.......     63%         4    ####...
 Yara's Violent Unravell  Hex/Tmut       #.........   92%         5    ######.
 Metabolic Englaciation   Hex/Ice        #.........   99%         5    ######.


Dungeon Overview and Level Annotations

Branches:
Dungeon (5/15)
 Temple: D:4-7

Altars:
Dithmenos
Kikubaaqudgha
Makhleb

Shops:
D:4 !

Annotations:
D:3 3 runed translucent doors, NeAGen181's ghost, amateur HOFi; Ykky's ghost, amateur BaFi; milododd's ghost, amateur FoAK
D:5 Prince Ribbit


Innate Abilities, Weirdness & Mutations

You cannot wear boots.
Your serpentine skin is tough. (AC +2)
You have supernaturally acute eyesight. (SInv)
Armour fits poorly on your strangely shaped body.
Your system is resistant to poisons. (rPois)
You cover ground very slowly.
You have a slow metabolism.
You can exhale a cloud of poison.
Your tail ends in a poisonous barb.
You are agile. (Dex +2)
You expend magic power (3 MP) to strengthen your wands.


Message History

Prince Ribbit blinks!
You closely miss Prince Ribbit.
Prince Ribbit is moderately wounded.
Prince Ribbit hits you! Prince Ribbit hits you!! Prince Ribbit hits you!
* * * LOW HITPOINT WARNING * * *
Throwing (i - inventory)
u - a throwing net (quivered)
Press: ? - help, Shift-Dir - straight line, f/p - Prince Ribbit
Aim: Prince Ribbit (moderately wounded, poisoned)
You throw a throwing net.
The throwing net closely misses Prince Ribbit.
Prince Ribbit closely misses you.
Prince Ribbit hits you but does no damage.
You feel better. Prince Ribbit hits you.
* * * LOW HITPOINT WARNING * * *
Prince Ribbit hits you!
* * * LOW HITPOINT WARNING * * *
Okay, then.
You feel better. Prince Ribbit hits you!!
You die...

.....####....#.#.####
#.##.# ##.#.........
#. ### #.#.....###
#.#.._..# #.#.....#
#. #.#.....# #.
#....## #.
..#<....#### #.
........@^>.# #.
##.......F#.#####.#
##..............(.
#........#.#.#.#.
#................
#........#.#.#.#.
..................
##........#.#.#.#.
#######..........


You could see Prince Ribbit.

Vanquished Creatures
  Edmund (D:3)
  Duvessa (D:5)
  An ogre (D:4)
  Dowan (D:5)
  A hound (D:4)
  An orc priest (D:3)
  A bullfrog skeleton (D:4)
  4 worker ants
  Robin (D:2)
  3 gnolls (D:4)
  8 adders
  2 oozes
  A worm (D:2)
  A dart slug (D:2)
  2 leopard geckos (D:2)
  9 orcs
  6 bats
  3 giant cockroaches
  8 goblins
  9 hobgoblins
  2 jackals (D:1)
  3 quokkas
  3 ball pythons
  2 frilled lizards (D:2)
  A giant cockroach zombie (D:5)
  A jackal zombie (D:5)
  4 kobolds
  9 rats
89 creatures vanquished.

Vanquished Creatures (others)
  A goblin (D:2)
  4 withered plants (D:3)
5 creatures vanquished.

Grand Total: 94 creatures vanquished

Notes
Turn   | Place    | Note
-------+----------+-------------------------------------------
     0 | D:1      | Ethylacetat the Naga Transmuter began the quest for the
                  | Orb.
     0 | D:1      | Reached XP level 1. HP: 18/18 MP: 3/3
    63 | D:1      | Reached XP level 2. HP: 23/25 MP: 5/5
   866 | D:2      | Reached XP level 3. HP: 17/32 MP: 6/6
   988 | D:2      | Learned a level 3 spell: Spider Form
  1239 | D:2      | Found an ancient bone altar of Kikubaaqudgha.
  1311 | D:2      | Reached XP level 4. HP: 30/39 MP: 7/7
  1572 | D:2      | Identified the +1 helmet of Eresakop {Regen+ Str+5}
  1572 | D:2      | Noticed Robin
  1583 | D:2      | Killed Robin
  1583 | D:2      | Reached skill level 1 in Poison Magic
  2079 | D:3      | Reached XP level 5. HP: 28/46 MP: 9/9
  2380 | D:3      | Found a runed translucent gate.
  2382 | D:3      | Found a runed translucent gate.
  2382 | D:3      | Noticed milododd's ghost (amateur FoAK)
  2382 | D:3      | Noticed Ykky's ghost (amateur BaFi)
  2382 | D:3      | Noticed NeAGen181's ghost (amateur HOFi)
  2385 | D:3      | Found a runed translucent gate.
  3077 | D:4      | Noticed Edmund
  3095 | D:3      | Killed Edmund
  3095 | D:3      | Reached XP level 6. HP: 40/55 MP: 7/10
  3248 | D:4      | Reached XP level 7. HP: 42/62 MP: 12/12
  3434 | D:4      | Found Fazuv's Distillery.
  3437 | D:4      | Bought a potion of degeneration for 12 gold pieces
  3512 | D:4      | Bought a potion of mutation for 96 gold pieces
  3512 | D:4      | Gained mutation: You expend magic power (3 MP) to
                  | strengthen your wands. [potion of mutation]
  3512 | D:4      | Gained mutation: You can exhale a cloud of poison. [potion
                  | of mutation]
  3512 | D:4      | Gained mutation: You are agile. (Dex +2) [potion of
                  | mutation]
  3512 | D:4      | Gained mutation: Your tail ends in a poisonous barb.
                  | [potion of mutation]
  3837 | D:4      | Found a burning altar of Makhleb.
  3915 | D:5      | Entered Level 5 of the Dungeon
  4196 | D:5      | Noticed Dowan
  4197 | D:5      | Noticed Duvessa
  4234 | D:5      | Learned a level 4 spell: Petrify
  4240 | D:5      | Learned a level 5 spell: Blade Hands
  4378 | D:5      | Killed Duvessa
  4468 | D:5      | Killed Dowan
  4634 | D:5      | Found a shadowy altar of Dithmenos.
  4647 | D:5      | Noticed Prince Ribbit
  4658 | D:5      | HP: 3/63 [Prince Ribbit (14)]
  4659 | D:5      | Slain by Prince Ribbit

Skill      XL: |  1  2  3  4  5  6  7 |
---------------+----------------------+-----
Fighting       | 2 3 |  3.7
Poison Magic   | 1 2 3 4 |  4.2
Transmutations | 3 4 |  4.2
Spellcasting   | 3 4 |  4.0
Unarmed Combat | 4 |  4.7
Dodging        | |  1.5

Action                   |  1- 3 |  4- 6 |  7- 9 || total
-------------------------+-------+-------+-------++-------
Melee: Unarmed           |    76 |   219 |    45 ||   340
       Punch             |       |     3 |       ||     3
       Short sword       |       |       |     5 ||     5
       Tailslap          |       |       |     3 ||     3
Throw: Throwing net      |       |       |     1 ||     1
 Cast: Spider Form       |       |     4 |     2 ||     6
 Abil: Spit Poison       |    15 |    11 |     1 ||    27
       Breathe Poison Ga |       |       |     8 ||     8
  Use: Potion            |     1 |       |     3 ||     4
 Stab: Sleeping          |     1 |       |       ||     1
  Eat: Chunk             |     1 |     7 |     6 ||    14
Armor: Robe              |    21 |    57 |    18 ||    96
Dodge: Dodged            |    45 |   131 |    19 ||   195
